 Dungeon Sprint DCSS version 0.31-a0-1074-g0b22e4e0f1 (webtiles) character file.

Game seed: 4229936456184091007

19974 fozzywoppz the Warrior (level 12, -1/133 HPs)
             Began as a Minotaur Fighter on Dec 4, 2023.
             Was a High Priest of Okawaru.
             Slain by a fire giant
             ... wielding a +1 great sword of flaming
              (25 damage)
             ... in the Dungeon (Sprint IX: "|||||||||||||||||||||||||||||") on Dec 5, 2023.
             The game lasted 00:13:02 (2914 turns).

fozzywoppz the Warrior (Minotaur Fighter)           Turns: 2914, Time: 00:13:02

Health: -1/133     AC: 21    Str: 23    XL:     12   Next: 41%
Magic:  21/21      EV: 14    Int:  5    God:    Okawaru [*****.]
Gold:   1465       SH:  0    Dex: 13    Spells: 11/11 levels left

rFire   + . .        c - +1 great mace
rCold   . . .        (shield currently unavailable)
rNeg    . . .        z - +1 chain mail {rF+}
rPois   .            (helmet restricted)
rElec   .            E - +1 cloak
rCorr   .            G - +1 pair of gloves
SInv    .            D - +1 pair of boots
Will    .....        (no amulet) Stlth
                     n - +2 ring of protection
HPRegen 0.42/turn    o - +2 ring of evasion
MPRegen 0.17/turn

%: no teleportation
@: no status effects
A: horns 2, retaliatory headbutt
a: Renounce Religion, Heroism, Finesse


You were in the Dungeon.
You worshipped Okawaru.
Okawaru was extremely pleased with you.
You visited 1 branch You collected 1865 gold pieces.
You spent 400 gold pieces at shops.

Inventory:

Hand Weapons
 a - a +3 broad axe
 c - a +1 great mace (weapon)
 r - a +2 dire flail of protection
Missiles
 m - 2 throwing nets
 v - 5 silver javelins (quivered)
Armour
 b - +1 fire dragon scales
 y - a +1 plate armour
 z - a +1 chain mail of fire resistance (worn)
 D - a +1 pair of boots (worn)
 E - a +1 cloak (worn)
 G - a +1 pair of gloves (worn)
Jewellery
 n - a +2 ring of protection (left hand)
 o - a +2 ring of evasion (right hand)
 s - a ring of flight
 w - a ring of protection from cold
 A - a ring of see invisible
Scrolls
 j - 4 scrolls of blinking
 l - 2 scrolls of amnesia
 p - a scroll of brand weapon
 q - 3 scrolls of enchant weapon
 t - a scroll of fear
 u - 5 scrolls of enchant armour
 x - a scroll of revelation
Potions
 d - a potion of resistance
 e - 6 potions of curing
 g - a potion of mutation
 h - 4 potions of magic
 i - a potion of berserk rage
 k - a potion of invisibility
 H - a potion of brilliance
 I - a potion of heal wounds


   Skills:
 - Level 20.3 Fighting
 + Level 17.4 Maces & Flails
 + Level 14.4 Throwing
 - Level 10.0 Armour
 - Level 10.0 Dodging
 - Level 5.0 Shields
 - Level 14.0 Invocations
 - Level 5.0 Evocations


You had 11 spell levels left.
You didn't know any spells.
Your spell library was empty.

Dungeon Overview and Level Annotations

Branches:
Dungeon (1/1)

Altars:
Cheibriados
Dithmenos
Elyvilon
Fedhas
Gozag
Hepliaklqana
Kikubaaqudgha
Makhleb
Nemelex Xobeh
Okawaru
Qazlal
Ru
Sif Muna
Trog
Uskayaw
Vehumet
Wu Jian
Xom
Yredelemnul
Zin
The Shining One
Jiyva
Lugonu

Shops:
D ([?:


Innate Abilities, Weirdness & Mutations

You have a pair of horns on your head.
You reflexively headbutt those who attack you in melee.


Message History

The fire giant is moderately wounded.
You thump the fire giant! You headbutt the fire giant.
The fire giant is moderately wounded.
The fire giant hits you with a +1 great sword of flaming.
You barely miss the fire giant. You headbutt the fire giant!
The fire giant is heavily wounded.
The fire giant hits you with a +1 great sword of flaming!!
The fire giant burns you.
* * * LOW HITPOINT WARNING * * *
You sock the fire giant! You headbutt the fire giant.
The fire giant is severely wounded.
The fire giant gestures at you while chanting.
The bolt of fire hits you. You resist.
* * * LOW HITPOINT WARNING * * *
You sock the fire giant! You headbutt the fire giant.
The fire giant is severely wounded.
The fire giant misses you.
You hit the fire giant.
The fire giant is severely wounded.
The fire giant gestures at you while chanting.
The fireball explodes!
The fireball engulfs you!! You resist.
* * * LOW HITPOINT WARNING * * *
The fireball engulfs the fire giant!
The fire giant resists.
Unknown command.
You feel much better.
The fire giant hits you with a +1 great sword of flaming.
* * * LOW HITPOINT WARNING * * *
You barely miss the fire giant. You headbutt the fire giant.
The fire giant is almost dead.
The fire giant hits you with a +1 great sword of flaming!!
* * * LOW HITPOINT WARNING * * *
The fire giant burns you.
* * * LOW HITPOINT WARNING * * *
Unknown command.
You barely miss the fire giant.
The fire giant is almost dead.
Unknown command.
You feel much better.
The fire giant hits you with a +1 great sword of flaming!!
You die...

▓▓▓▓▓▓▓▓▓▓▓▓▓▓▓▓▓▓▓▓▓▓▓▓▓▓▓▓▓▓▓▓▓
....[[.[...))))C@.).=...').†.....
▓▓▓▓▓▓▓▓▓▓▓▓▓▓▓▓▓▓▓▓▓▓▓▓▓▓▓▓▓▓▓▓▓
.................................
▓▓▓▓▓▓▓▓▓▓▓▓▓▓▓▓▓▓▓▓▓▓▓▓▓▓▓▓▓▓▓▓▓
..).))'......[))))[))(........)..
▓▓▓▓▓▓▓▓▓▓▓▓▓▓▓▓▓▓▓▓▓▓▓▓▓▓▓▓▓▓▓▓▓
.............).).)....)....[.....
▓▓▓▓▓▓▓▓▓▓▓▓▓▓▓▓▓▓▓▓▓▓▓▓▓▓▓▓▓▓▓▓▓
..††.....††.†.............'......


You could see a fire giant.

Vanquished Creatures
  A lich (D)
  A very ugly thing (D)
  Josephine (D)
  An ice dragon (D)
  Harold (D)
  An ogre mage (D)
  2 centaur warriors (D)
  4 lindwurms (D)
  10 orc knights (D)
  A deep elf pyromancer (D)
  An oklob plant (D)
  2 ugly things (D)
  A cyclops (D)
  An elephant (D)
  A cane toad (D)
  3 komodo dragons (D)
  A rime drake (D)
  A tengu conjurer (D)
  A troll (D)
  A meliai (D)
  A tarantella (shapeshifter) (D)
  A shadow (D)
  A basilisk (D)
  2 wyverns (D)
  5 wraiths (D)
  A yak (D)
  2 vampire mosquitoes (D)
  4 water moccasins (D)
  2 acid dragons (D)
  14 orc warriors (D)
  A kobold brigand (D)
  2 bullfrogs (D)
  A scorpion (D)
  2 killer bees (D)
  A gnoll bouda (D)
  4 orc priests (D)
  2 orc wizards (D)
  A hell rat (D)
  An adder (D)
  4 worms (D)
  A dart slug (D)
  8 orcs (D)
  A giant cockroach (D)
  A hobgoblin (D)
  3 quokkas (D)
  A ball python (D)
103 creatures vanquished.

Notes
Turn   | Place    | Note
-------+----------+-------------------------------------------
     0 | D        | fozzywoppz the Minotaur Fighter began the quest for the
                  | Orb.
     0 | D        | Reached XP level 1. HP: 19/19 MP: 0/0
     8 | D        | Reached skill level 4 in Fighting
    20 | D        | Noticed a gnoll bouda
    20 | D        | Noticed a scorpion
    22 | D        | Reached XP level 2. HP: 28/28 MP: 1/1
    31 | D        | Killed a scorpion
    32 | D        | Reached skill level 7 in Fighting
    32 | D        | Reached skill level 5 in Armour
    32 | D        | Reached skill level 5 in Shields
    32 | D        | Reached XP level 3. HP: 16/39 MP: 2/2
    32 | D        | Reached XP level 4. HP: 20/47 MP: 3/3
    46 | D        | Found a snail-covered altar of Cheibriados.
    46 | D        | Found a shadowy altar of Dithmenos.
    46 | D        | Found a white marble altar of Elyvilon.
    46 | D        | Found a blossoming altar of Fedhas.
    46 | D        | Found an opulent altar of Gozag.
    47 | D        | Found a hazy altar of Hepliaklqana.
    48 | D        | Found a viscous altar of Jiyva.
    49 | D        | Found an ancient bone altar of Kikubaaqudgha.
    50 | D        | Found a corrupted altar of Lugonu.
    51 | D        | Found a burning altar of Makhleb.
    52 | D        | Found a sparkling altar of Nemelex Xobeh.
    53 | D        | Found an iron altar of Okawaru.
    54 | D        | Found a stormy altar of Qazlal.
    55 | D        | Found a sacrificial altar of Ru.
    56 | D        | Found a shimmering blue altar of Sif Muna.
    57 | D        | Found a bloodstained altar of Trog.
    58 | D        | Found a hide-covered altar of Uskayaw.
    59 | D        | Found a radiant altar of Vehumet.
    60 | D        | Found an ornate altar of the Wu Jian Council.
    61 | D        | Became a worshipper of Warmaster Okawaru
    62 | D        | Found a shimmering altar of Xom.
    63 | D        | Found a basalt altar of Yredelemnul.
    64 | D        | Found a glowing silver altar of Zin.
    65 | D        | Found a glowing golden altar of the Shining One.
   181 | D        | Noticed a vampire mosquito
   181 | D        | Noticed an acid dragon
   181 | D        | Noticed a kobold brigand
   181 | D        | Noticed an acid dragon
   185 | D        | Killed an acid dragon
   186 | D        | Reached skill level 8 in Fighting
   186 | D        | Reached XP level 5. HP: 26/53 MP: 4/4
   192 | D        | Reached * piety under Okawaru
   193 | D        | Reached XP level 6. HP: 31/61 MP: 5/5
   198 | D        | Killed an acid dragon
   203 | D        | Killed a vampire mosquito
   204 | D        | Reached skill level 15 in Maces & Flails
   204 | D        | Reached skill level 1 in Dodging
   204 | D        | Reached skill level 1 in Invocations
   204 | D        | Reached XP level 7. HP: 19/68 MP: 5/7
   209 | D        | Reached ** piety under Okawaru
   220 | D        | Noticed a wraith
   220 | D        | Noticed a shadow
   220 | D        | Noticed a centaur warrior
   220 | D        | Noticed a red ugly thing
   220 | D        | Noticed a centaur warrior
   220 | D        | Noticed a troll
   223 | D        | Killed a troll
   224 | D        | Reached skill level 9 in Fighting
   228 | D        | Killed a centaur warrior
   228 | D        | Reached *** piety under Okawaru
   228 | D        | Reached **** piety under Okawaru
   229 | D        | Reached skill level 10 in Fighting
   229 | D        | Reached skill level 5 in Invocations
   229 | D        | Reached XP level 8. HP: 62/81 MP: 4/11
   234 | D        | Killed a red ugly thing
   235 | D        | Reached skill level 11 in Fighting
   240 | D        | Killed a centaur warrior
   241 | D        | Reached skill level 12 in Fighting
   241 | D        | Reached skill level 10 in Armour
   241 | D        | Reached XP level 9. HP: 68/91 MP: 4/13
   416 | D        | Noticed a cane toad
   416 | D        | Noticed a komodo dragon
   416 | D        | Noticed a komodo dragon
   416 | D        | Noticed a rime drake
   416 | D        | Noticed a komodo dragon
   425 | D        | Killed a komodo dragon
   426 | D        | Reached skill level 13 in Fighting
   433 | D        | Killed a rime drake
   434 | D        | Reached skill level 10 in Dodging
   443 | D        | Killed a komodo dragon
   444 | D        | Reached skill level 14 in Fighting
   446 | D        | Killed a komodo dragon
   446 | D        | Reached ***** piety under Okawaru
   451 | D        | Killed a cane toad
   452 | D        | Reached skill level 10 in Invocations
   452 | D        | Reached XP level 10. HP: 104/104 MP: 8/16
   462 | D        | Reached skill level 15 in Fighting
   473 | D        | Noticed an elephant
   474 | D        | Noticed an oklob plant
   492 | D        | Killed an elephant
   605 | D        | Killed an oklob plant
   605 | D        | Received a gift from Okawaru
   630 | D        | Noticed a lindwurm
   630 | D        | Noticed a lindwurm
   630 | D        | Noticed a lindwurm
   630 | D        | Noticed a lindwurm
   633 | D        | Killed a lindwurm
   855 | D        | Killed a lindwurm
   862 | D        | Killed a lindwurm
   868 | D        | Killed a lindwurm
   869 | D        | Reached skill level 16 in Fighting
   951 | D        | Noticed Josephine
   961 | D        | Reached skill level 5 in Throwing
   961 | D        | Reached XP level 11. HP: 114/114 MP: 20/20
   966 | D        | Killed Josephine
   967 | D        | Reached skill level 5 in Evocations
  1038 | D        | Reached skill level 17 in Fighting
  1235 | D        | Noticed an orc knight
  1235 | D        | Noticed an orc knight
  1235 | D        | Noticed an orc knight
  1237 | D        | Noticed an orc knight
  1245 | D        | Killed an orc knight
  1251 | D        | Killed an orc knight
  1333 | D        | Killed an orc knight
  1334 | D        | Reached skill level 18 in Fighting
  1645 | D        | Killed an orc knight
  1686 | D        | Received a gift from Okawaru
  1822 | D        | Found Wialebb's Book Boutique.
  1822 | D        | Noticed an orc knight
  1822 | D        | Noticed an orc knight
  1822 | D        | Noticed an orc knight
  1829 | D        | Noticed an orc knight
  1840 | D        | Killed an orc knight
  1841 | D        | Reached skill level 10 in Throwing
  1842 | D        | Found Roidor's Magic Scroll Shop.
  1848 | D        | Killed an orc knight
  1855 | D        | Killed an orc knight
  1856 | D        | Reached skill level 19 in Fighting
  1856 | D        | Found Edghodamn's Armour Boutique.
  1862 | D        | Noticed an orc knight
  1866 | D        | Killed an orc knight
  1880 | D        | Found Biekhlap's Weapon Shop.
  1886 | D        | Killed an orc knight
  1889 | D        | Noticed an orc knight
  1924 | D        | Killed an orc knight
  1928 | D        | Reached skill level 20 in Fighting
  1936 | D        | Received a gift from Okawaru
  2268 | D        | Bought a scroll of fog for 40 gold pieces
  2268 | D        | Bought a scroll of blinking for 75 gold pieces
  2268 | D        | Bought a scroll of brand weapon for 95 gold pieces
  2268 | D        | Bought a scroll of enchant weapon for 75 gold pieces
  2268 | D        | Bought a scroll of fear for 40 gold pieces
  2268 | D        | Bought a scroll of revelation for 75 gold pieces
  2290 | D        | Noticed Harold
  2300 | D        | Killed Harold
  2539 | D        | Noticed an ogre mage
  2539 | D        | Noticed a green ugly thing
  2543 | D        | Noticed a deep elf pyromancer
  2552 | D        | Reached XP level 12. HP: 52/133 MP: 16/21
  2557 | D        | Noticed a lich
  2566 | D        | Noticed a red very ugly thing
  2566 | D        | Killed an ogre mage
  2592 | D        | Killed a lich
  2603 | D        | Killed a red very ugly thing
  2698 | D        | Noticed a fire giant
  2891 | D        | Noticed an ice dragon
  2904 | D        | Killed an ice dragon
  2912 | D        | HP: 6/133 [fire giant/+1 great sword of flaming (5)]
  2914 | D        | Slain by a fire giant

Illustrated notes

Levels and vault maps discovered:
D:        linesprint [early_d, line_temple, items_1, d_10, items_2, lair_1,
          lair_end, items_3, orc_1, orc_end, items_4, d_15, swamp_1, shoals_1,
          snake_1, spider_1, d_20, vaults_1, items_5, swamp_end, shoals_end,
          snake_end, spider_end, vaults_end, d_27, items_6, zot_1, zot_end,
          crypt_end, forest_end, elf_end, slime_end, tomb_end, abyss_end,
          pan_hell_end]

Skill      XL: |  1  2  3  4  5  6  7  8  9 10 11 12 |
---------------+-------------------------------------+-----
Fighting       | 4 7 8 10 12 14 16 20 | 20.3
Maces & Flails | 3 6 11 12 15 17 | 17.4
Armour         | 4 5 8 10 | 10.0
Shields        | 4 5 |  5.0
Dodging        | 1 6 8 10 | 10.0
Invocations    | 1 5 7 10 14 | 14.0
Throwing       | 5 12 14 | 14.4
Evocations     | 4 5 |  5.0

Action                     |  1- 3 |  4- 6 |  7- 9 | 10-12 || total
---------------------------+-------+-------+-------+-------++-------
  Melee: Flail             |    21 |     8 |       |       ||    29
         Headbutt          |     3 |     5 |    15 |    75 ||    98
         Dire flail        |       |    21 |    66 |   269 ||   356
         Great mace        |       |       |       |    58 ||    58
 Invoke: Heroism           |       |       |     2 |     6 ||     8
         Finesse           |       |       |     1 |     6 ||     7
  Evoke: Wand              |       |       |       |    10 ||    10
    Use: Potion            |       |     1 |     3 |     8 ||    12
         Scroll            |       |       |       |     6 ||     6
   Stab: Distracted        |       |       |       |     1 ||     1
         Sleeping          |       |       |       |     1 ||     1
         Invisible         |       |       |       |     7 ||     7
 Armour: Scale mail        |    12 |     2 |       |       ||    14
         Ring mail         |       |     9 |    19 |    47 ||    75
         Plate armour      |       |       |       |    37 ||    37
         Chain mail        |       |       |       |    57 ||    57
         Skin              |       |       |       |     3 ||     3
  Dodge: Dodged            |     7 |     7 |    13 |   132 ||   159
  Block: Buckler           |     3 |     2 |       |       ||     5

Table legend: (Time is in decaauts)
 A = Elapsed time spent in this place.
 B = Non-inter-level travel time spent in this place.
 C = Inter-level travel time spent in this place.
 D = Time resting spent in this place.
 E = Time spent auto-exploring this place.
 F = Levels seen in this place.
 G = Mean time per level.
                   A        B        C        D        E       F      G
               +--------+--------+--------+--------+--------+-----+--------+
         Total |   2731 |   2731 |      0 |   1376 |    110 |   1 | 2731.0 |
       Dungeon |   2731 |   2731 |      0 |   1376 |    110 |   1 | 2731.0 |
               +--------+--------+--------+--------+--------+-----+--------+

Top non-repeatable levels by time:
       D: 2731 daAuts
